 Dungeon Crawl Stone Soup version 0.25.0-1-g7eea58d2a3 (webtiles) character file.

Game seed: 33718357252543781

28 Esekla the Magician (level 3, 0/26 HPs)
             Began as a Formicid Wizard on June 15, 2020.
             Slain by a hound (3 damage)
             ... on level 3 of the Dungeon.
             The game lasted 00:08:00 (1894 turns).

Esekla the Magician (Formicid Wizard)               Turns: 1894, Time: 00:08:00

Health: 0/26       AC:  2    Str: 11    XL:     3   Next: 30%
Magic:  14/17      EV: 12    Int: 14    God:
Gold:   32         SH:  0    Dex:  9    Spells: 5/9 levels left

rFire    . . .     SeeInvis +   d - +1 dagger
rCold    . . .     Gourm    .   (no shield)
rNeg     . . .     Faith    .   a - +0 robe
rPois    .         Spirit   .   (helmet unavailable)
rElec    .         Reflect  .   (no cloak)
rCorr    .         Harm     .   (no gloves)
MR       .....                  (no boots)
Stlth    ++........             (no amulet)
HPRegen  0.08/turn              j - -4 ring of intelligence (curse)
MPRegen  0.15/turn              f - ring of magical power

@: no status effects
A: permanent stasis, dig shafts and tunnels, four strong arms, antennae 3
a: Dig, Shaft Self


You were on level 3 of the Dungeon.
You were not hungry.

You visited 1 branch of the dungeon, and saw 3 of its levels.

You collected 32 gold pieces.

Inventory:

Hand Weapons
 d - a +1 dagger (weapon)
Missiles
 e - 11 poisoned darts
 i - 8 javelins (quivered)
Armour
 a - a +0 robe (worn)
Jewellery
 f - a ring of magical power (right hand)
 j - a cursed -4 ring of intelligence (left hand)
Scrolls
 b - a scroll of identify
Potions
 h - a potion of magic
Comestibles
 c - 6 rations


   Skills:
 * Level 1.0 Fighting
 + Level 0.1 Short Blades
 + Level 2.0 Dodging
 + Level 2.5 Stealth
 + Level 3.9 Spellcasting
 + Level 1.0 Conjurations
   Level 1.0 Summonings
   Level 0.8 Translocations


You had 5 spell levels left.
You knew the following spells:

 Your Spells              Type           Power        Failure   Level  Hunger
a - Magic Dart            Conj           #...         13%         1    None
b - Mephitic Cloud        Conj/Pois/Air  #.......     45%         3    ###....

Your spell library contained the following spells:

 Spells                   Type           Power        Failure   Level  Hunger
 Call Imp                 Summ           #.......     19%         2    ##.....
 Slow                     Hex            #.......     30%         2    ##.....
 Conjure Flame            Conj/Fire      #.......     43%         3    ###....
 Blink                    Tloc           Unusable     N/A         2    N/A

Dungeon Overview and Level Annotations

Branches:
Dungeon (3/15)

Altars:
Makhleb


Innate Abilities, Weirdness & Mutations

You cannot be hasted, slowed, berserked, paralysed or teleported.
You can dig through walls and to a lower floor.
Your four strong arms can wield two-handed weapons with a shield.
You have a pair of large antennae on your head. (SInv)


Message History

The hound is moderately wounded.
The hound closely misses you. The hound barely misses you.
Casting: Magic Dart (safe; 13% risk of failure)
Confirm with . or Enter, or press ? or * to list all spells.
Aiming: Magic Dart (safe; 13% risk of failure)
Press: ? - help, Shift-Dir - straight line, f/p - hound
Aim: a hound (moderately wounded)
The magic dart hits the hound.
The hound is heavily wounded.
The hound bites you.
* * * LOW HITPOINT WARNING * * *
Casting: Magic Dart (safe; 13% risk of failure)
Confirm with . or Enter, or press ? or * to list all spells.
Aiming: Magic Dart (safe; 13% risk of failure)
Press: ? - help, Shift-Dir - straight line, f/p - hound
Aim: a hound (heavily wounded)
The magic dart hits the hound but does no damage.
The hound is heavily wounded.
The hound bites you.
You die...

##.....##...#
##...###...#
##+###....#
##....##
##...###
##..###
#..#####
##..#..##
##.@h†.#
###.._∩# {
#..## ###


You could see a hound.

Vanquished Creatures
  An ooze (D:2)
  An orc (D:3)
  6 bats
  A bat zombie (D:1)
  A giant cockroach (D:2)
  3 goblins
  2 hobgoblins (D:1)
  A ball python (D:2)
  A giant cockroach zombie (D:1)
  3 kobolds
  2 rats (D:1)
22 creatures vanquished.

Notes
Turn   | Place    | Note
-------+----------+-------------------------------------------
     0 | D:1      | Esekla the Formicid Wizard began the quest for the Orb.
     0 | D:1      | Reached XP level 1. HP: 13/13 MP: 4/4
   209 | D:1      | Reached XP level 2. HP: 15/20 MP: 1/6
   901 | D:1      | Reached skill level 1 in Conjurations
  1504 | D:1      | Reached XP level 3. HP: 25/25 MP: 8/8
  1509 | D:1      | Learned a level 3 spell: Mephitic Cloud
  1867 | D:3      | Reached skill level 1 in Fighting
  1884 | D:3      | Found a burning altar of Makhleb.
  1894 | D:3      | Slain by a hound

Illustrated notes

Levels and vault maps discovered:
D:1:      saegor_arrival_fortress, layout_basic
D:2:      layout_rooms, yredelemnul_altar_generic,
          gammafunk_temple_overflow_pools
D:3:      layout_loops_corners, makhleb_blood_cavern_becter,
          serial_bayou_lagoon_b

Skill      XL: |  1  2  3 |
---------------+----------+-----
Conjurations   | 1 |  1.0
Dodging        | 2 |  2.0
Fighting       | 1 |  1.0
Short Blades   | |  0.1
Stealth        | |  2.5
Spellcasting   | |  3.9
Summonings     | |  1.0
Translocations | |  0.8

Action                   || total
-------------------------++-------
Melee: Unarmed           ||    28
       Dagger            ||    78
 Cast: Magic Dart        ||    25
  Use: Scroll            ||     4
 Stab: Sleeping          ||     2
  Eat: Chunk             ||     3
Armor: Robe              ||    31
Dodge: Dodged            ||   114
